[Event "Titled Tuesday Blitz November 29 Early 2022"]
[White "Dehtiarov, Roman"]
[Black "Broca Jimenez, Fernando"]
[WhiteFideId "14186640"]
[BlackFideId "5104742"]
[WhiteElo "2200"]
[BlackElo "2062"]
[Result "1-0"]
[Round "08"]
[TimeControl "180+1"]
[Date "2022.11.30"]
[WhiteClock "0:02:39"]
[BlackClock "0:02:13"]

1. e4 c5 2. Nc3 g6 3. f4 Bg7 4. Nf3 Nc6 5. Bb5 e6 6. Bxc6 dxc6 7. e5 Ne7 8. Ne4 O-O 9. O-O b6 10. Qe2 a5 11. Qf2 Ba6 12. d3 Qd7 13. Qh4 Nf5 14. Qh3 Rad8 15. Nf6+ Bxf6 16. exf6 Nd4 17. Ne5 Ne2+ 18. Kh1 Qd4 19. Qh6 Ng3+ 20. hxg3 Qg1+ 21. Rxg1 1-0


[Site "https://www.chess.com"]

[Event "Titled Tuesday Blitz November 29 Early 2022"]
[White "Drozdowski, Kacper"]
[Black "Mgeladze, Tamaz"]
[WhiteFideId "1136720"]
[BlackFideId "13601202"]
[WhiteElo "2485"]
[BlackElo "2288"]
[Result "0-1"]
[Round "08"]
[TimeControl "180+1"]
[Date "2022.11.30"]
[WhiteClock "0:00:04"]
[BlackClock "0:00:12"]

1. e4 c5 2. Nf3 g6 3. d4 cxd4 4. Nxd4 Bg7 5. c4 Nc6 6. Be3 d6 7. Nc3 Nxd4 8. Bxd4 Nf6 9. Be2 O-O 10. Be3 Bd7 11. O-O Bc6 12. f3 a5 13. Qd2 Nd7 14. Rac1 Nc5 15. Rfd1 a4 16. Bf1 Qa5 17. Rc2 Rfc8 18. Rdc1 Nb3 19. axb3 axb3 20. Nd5 Bxd5 21. Qxa5 Rxa5 22. Rd2 Be6 23. g3 Ra2 24. Rb1 Bxc4 25. Bh3 Be6 26. Bxe6 fxe6 27. Rd3 Rc2 28. Rxb3 Rcxb2 29. R1xb2 Rxb2 30. Ra3 Kf7 31. Ra8 b5 32. Rb8 b4 33. Rb7 b3 34. Bf4 Bd4+ 35. Kh1 Rb1+ 36. Kg2 b2 37. Kh3 Rd1 38. Bxd6 b1=Q 39. Rxe7+ Kg8 40. Re8+ Kg7 41. Re7+ Kh6 42. Rf7 g5 43. Kg4 Qb5 44. h4 gxh4 45. Bf4+ Kg6 46. Rc7 Qh5+ 47. Kh3 hxg3+ 48. Kxg3 Rg1# 0-1


[Site "https://www.chess.com"]

[Event "Titled Tuesday Blitz November 29 Early 2022"]
[White "Dubov, Daniil"]
[Black "Firouzja, Alireza"]
[WhiteFideId "24126055"]
[BlackFideId "12573981"]
[WhiteElo "2791"]
[BlackElo "2903"]
[Result "1/2-1/2"]
[Round "08"]
[TimeControl "180+1"]
[Date "2022.11.30"]
[WhiteClock "0:00:05"]
[BlackClock "0:00:07"]

1. e4 c5 2. Nc3 Nc6 3. g3 g6 4. Bg2 Bg7 5. Nge2 d6 6. O-O e6 7. d3 Nge7 8. Bg5 Rb8 9. a4 a6 10. Qd2 h6 11. Be3 Nd4 12. f4 h5 13. Bf2 O-O 14. Nxd4 cxd4 15. Ne2 e5 16. c3 dxc3 17. Nxc3 b5 18. axb5 axb5 19. Ba7 Rb7 20. Be3 b4 21. Ne2 d5 22. fxe5 dxe4 23. Bxe4 Bxe5 24. Bh6 Re8 25. Qg5 Bxb2 26. Ra8 Qb6+ 27. Kh1 Ra7 28. Rxa7 Qxa7 29. Qb5 Bd7 30. Qxb4 Bh8 31. Bf4 Bc6 32. Qc4 Qd7 33. Nc3 Rc8 34. Ne2 Nf5 35. Qb3 Re8 36. Qc4 Bb5 37. Qc2 Bg7 38. Kg1 Rc8 39. Qb3 Rd8 40. Kg2 Bxd3 41. Bxd3 Qxd3 42. Qxd3 Rxd3 43. Rf2 Bf6 44. Ng1 Bd4 45. Re2 Bxg1 46. Kxg1 f6 47. Rd2 Rb3 48. Rd5 Kf7 49. Ra5 Nd4 50. Ra2 g5 51. Bd2 Rd3 52. Kg2 Kg6 53. Bb4 Nf3 54. Ra6 Ne5 55. Ra2 Ng4 56. Be1 Ne3+ 57. Kf2 Ng4+ 58. Kg2 Rd5 59. Bf2 Rf5 60. Bg1 Rd5 61. h3 Nh6 62. Re2 Nf5 63. Bf2 Rd3 64. Ra2 Ng7 65. Rc2 Ne6 66. Re2 Kf7 67. Ra2 h4 68. gxh4 Nf4+ 69. Kh2 gxh4 70. Ra4 Rxh3+ 71. Kg1 Ng6 72. Kg2 Rd3 73. Bxh4 f5 74. Bg3 Kf6 75. Rb4 Kg5 76. Ra4 Rc3 77. Rb4 Rc6 78. Ra4 Rb6 79. Rc4 Rb3 80. Ra4 f4 81. Bxf4+ Nxf4+ 82. Kf2 Kg4 83. Ra8 Rd3 84. Rg8+ Kf5 85. Rf8+ Ke5 86. Re8+ Ne6 87. Ke2 Rd6 88. Rh8 Ra6 89. Rb8 Nf4+ 90. Kd2 Ra2+ 91. Ke3 Ra3+ 92. Kf2 Ne6 93. Ke2 Ke4 94. Re8 Ra2+ 95. Kd1 Kd3 96. Ke1 Nd4 97. Kf1 Rb2 98. Re7 Nf5 99. Rd7+ Ke3 100. Rf7 Ng3+ 101. Kg1 Ne4 102. Rf8 Ng5 103. Kf1 Ne4 104. Rf7 Rc2 105. Rf8 Ng3+ 106. Kg1 Ke4 107. Rf4+ Ke5 108. Rf8 Nf5 109. Kf1 Nd4 110. Ke1 Ra2 111. Kd1 Ke4 112. Ke1 Nf3+ 113. Kd1 Ne5 114. Rd8 Nc6 115. Re8+ Kd3 116. Ke1 Nd4 117. Kf1 Nf5 118. Ke1 Rh2 119. Re6 Ne3 120. Rd6+ Ke4 121. Rd4+ Kf3 122. Rf4+ Kg3 123. Rf3+ Kxf3 1/2-1/2


[Site "https://www.chess.com"]

[Event "Titled Tuesday Blitz November 29 Early 2022"]
[White "Dudzinski, Pawel"]
[Black "Cramling Bellon, Anna"]
[WhiteFideId "1117890"]
[BlackFideId "32009232"]
[WhiteElo "2086"]
[BlackElo "1972"]
[Result "1-0"]
[Round "08"]
[TimeControl "180+1"]
[Date "2022.11.30"]
[WhiteClock "0:00:02"]
[BlackClock "0:00:01"]

1. e4 c5 2. Nc3 Nc6 3. g3 g6 4. Bg2 Bg7 5. d3 e5 6. Be3 d6 7. Qd2 Nge7 8. Bh6 O-O 9. h4 Bxh6 10. Qxh6 f6 11. Qd2 Nd4 12. O-O-O Qa5 13. Kb1 b5 14. h5 g5 15. f4 b4 16. Nce2 g4 17. fxe5 dxe5 18. c3 Be6 19. c4 Qb6 20. Nxd4 cxd4 21. Ne2 a5 22. Rhf1 Kh8 23. Nc1 a4 24. Rf2 Rac8 25. Bf1 f5 26. Qg5 Qc7 27. exf5 Nxf5 28. Qxg4 Ne3 29. Rxf8+ Rxf8 30. Qxe6 Nxd1 31. Bg2 Qg7 32. Be4 Ne3 33. c5 Qc7 34. Qh6 Qg7 35. Qd6 Rg8 36. c6 Qxg3 37. Qc7 Qg1 38. Qxh7# 1-0


[Site "https://www.chess.com"]

[Event "Titled Tuesday Blitz November 29 Early 2022"]
[White "Estrada Nieto, Julian"]
[Black "Fiedorek, Michal"]
[WhiteFideId "5101018"]
[BlackFideId "1199528"]
[WhiteElo "2221"]
[BlackElo "2201"]
[Result "0-1"]
[Round "08"]
[TimeControl "180+1"]
[Date "2022.11.30"]
[WhiteClock "0:00:06"]
[BlackClock "0:00:04"]

1. e4 c5 2. Nf3 d6 3. Bb5+ Nd7 4. d4 cxd4 5. Qxd4 a6 6. Bxd7+ Bxd7 7. Nc3 e5 8. Qd3 h6 9. Nd2 Be6 10. Nf1 Nf6 11. Ne3 Be7 12. O-O O-O 13. Rd1 Qc7 14. a4 Qc6 15. a5 Rac8 16. Bd2 Rfd8 17. Be1 Rd7 18. f3 Rcd8 19. Ncd5 Bxd5 20. exd5 Qc7 21. Bf2 Nh5 22. g3 g6 23. Ng4 Kh7 24. Bb6 Qc8 25. Bxd8 Qxd8 26. b4 f5 27. Nf2 Bf6 28. Rab1 Ng7 29. Kh1 h5 30. c4 h4 31. Rg1 Nh5 32. Qf1 hxg3 33. hxg3 Kg7 34. Kg2 Re7 35. Re1 b6 36. Nd3 bxa5 37. b5 axb5 38. cxb5 Qb6 39. g4 Nf4+ 40. Nxf4 exf4 41. Rxe7+ Bxe7 42. gxf5 g5 43. Qe2 Bf6 44. Rc1 g4 45. fxg4 Bh4 46. Rc6 Qd4 47. Rc7+ Kh6 48. Qe6+ Bf6 49. Rf7 Qd2+ 50. Kf3 Qc3+ 51. Kxf4 Qd4+ 52. Qe4 Qf2+ 53. Qf3 Qd2+ 54. Kg3 Be5+ 55. Kh4 Qh2+ 56. Qh3 Bg3# 0-1


[Site "https://www.chess.com"]

[Event "Titled Tuesday Blitz November 29 Early 2022"]
[White "Eynullayev, Atilla"]
[Black "Matinian, Nikita"]
[WhiteFideId "13413570"]
[BlackFideId "24129100"]
[WhiteElo "2181"]
[BlackElo "2422"]
[Result "0-1"]
[Round "08"]
[TimeControl "180+1"]
[Date "2022.11.30"]
[WhiteClock "0:00:02"]
[BlackClock "0:00:41"]

1. e4 c5 2. Nf3 d6 3. d4 cxd4 4. Nxd4 Nf6 5. Nc3 g6 6. Be3 Nc6 7. f3 h5 8. Qd2 Nxd4 9. Bxd4 Bh6 10. Be3 Bxe3 11. Qxe3 Qa5 12. O-O-O Be6 13. Kb1 Rc8 14. a3 h4 15. Bb5+ Kf8 16. Be2 Rh5 17. Rd3 b5 18. Nd5 Bxd5 19. exd5 Nxd5 20. Qe4 Rc4 21. Rd4 Rxd4 22. Qxd4 Qb6 23. Rd1 Qxd4 24. Rxd4 Ne3 25. g4 hxg3 26. hxg3 Rh1+ 27. Ka2 Nxc2 28. Rd2 Ne1 29. Rd1 Rg1 30. g4 a6 31. Kb1 Kg7 32. Kc1 Kf6 33. Kd2 Nxf3+ 34. Bxf3 Rg3 35. Ke3 Ke5 36. Rd5+ Ke6 37. Rd2 Kd7 38. Rd1 Rh3 39. Kf2 e6 40. Bb7 a5 41. Bg2 Rb3 42. Rd2 d5 43. Bf3 Kd6 44. Bd1 Rh3 45. Be2 b4 46. axb4 axb4 47. Rc2 Rh2+ 48. Ke3 e5 49. Rc8 f5 50. gxf5 gxf5 51. Rd8+ Ke6 52. Re8+ Kf6 53. Rf8+ Kg6 54. Bb5 d4+ 55. Kd3 Rxb2 56. Be8+ Kg5 57. Bd7 Rf2 58. Rg8+ Kh6 59. Rf8 Kg6 60. Rg8+ Kf7 61. Rg1 b3 62. Rb1 b2 63. Bb5 Kf6 64. Rf1 Rxf1 0-1


[Site "https://www.chess.com"]

[Event "Titled Tuesday Blitz November 29 Early 2022"]
[White "Fedoseev, Vladimir"]
[Black "Lenderman, Aleksandr"]
[WhiteFideId "24130737"]
[BlackFideId "2021285"]
[WhiteElo "2726"]
[BlackElo "2607"]
[Result "1-0"]
[Round "08"]
[TimeControl "180+1"]
[Date "2022.11.30"]
[WhiteClock "0:00:09"]
[BlackClock "0:00:14"]

1. e4 e5 2. Nf3 Nf6 3. Nxe5 d6 4. Nf3 Nxe4 5. Bd3 d5 6. Qe2 Qe7 7. O-O Nc5 8. Re1 Qxe2 9. Bxe2 Be7 10. d4 Ne6 11. c4 dxc4 12. d5 Nf8 13. Bxc4 Ng6 14. h4 h5 15. Bd3 Kf8 16. Bxg6 fxg6 17. Ne5 Bf5 18. Nc3 Bxh4 19. Nb5 Na6 20. Nd4 Bf6 21. Nxf5 gxf5 22. Ng6+ Kf7 23. Nxh8+ Rxh8 24. Bf4 Rd8 25. Rad1 Rd7 26. Be5 Nb4 27. Bxf6 gxf6 28. d6 cxd6 29. a3 Nc6 30. Rd5 Ne7 31. Rd4 d5 32. Red1 Rc7 33. f3 Rc2 34. R1d2 Rc1+ 35. Kf2 b6 36. Ra4 a5 37. Rh4 Kg6 38. Rhd4 Kf7 39. R4d3 h4 40. Rc3 Rxc3 41. bxc3 Ke6 42. Rb2 Nc8 43. a4 f4 44. Ke2 Kd6 45. Kd3 Kc5 46. Rb5+ Kc6 47. Kd4 Ne7 48. c4 Nf5+ 49. Kc3 Ne3 50. cxd5+ Nxd5+ 51. Kd4 Ne3 52. Rb2 f5 53. Ra2 Kd6 54. Re2 Nd5 55. Kc4 Nc7 56. Rd2+ Kc6 57. Rd4 b5+ 58. axb5+ Nxb5 59. Rxf4 Nd6+ 60. Kb3 Kd5 61. Rxh4 Ke5 62. Ka4 f4 63. Kxa5 Nf5 64. Rh5 Kf6 65. Rxf5+ Kxf5 66. Kb4 Kg5 67. Kc4 Kh4 68. Kd4 Kg3 69. Ke4 1-0


[Site "https://www.chess.com"]

[Event "Titled Tuesday Blitz November 29 Early 2022"]
[White "Fernandez, Michael"]
[Black "Lehtosaari, Mauri"]
[WhiteFideId "5803560"]
[BlackFideId "501999"]
[WhiteElo "2110"]
[BlackElo "2493"]
[Result "1-0"]
[Round "08"]
[TimeControl "180+1"]
[Date "2022.11.30"]
[WhiteClock "0:00:05"]
[BlackClock "0:00:03"]

1. d4 d5 2. c4 c6 3. Nc3 Nf6 4. cxd5 cxd5 5. f3 Nc6 6. e4 e6 7. e5 Ng8 8. f4 Nh6 9. Nf3 Nf5 10. g4 Nh4 11. Be3 Be7 12. a3 Bd7 13. Bd3 Nxf3+ 14. Qxf3 Bh4+ 15. Kf1 Qb6 16. Nb5 Be7 17. Qf2 a6 18. Nc3 Na5 19. b4 Nc4 20. Bxc4 dxc4 21. d5 Qd8 22. Bb6 Bh4 23. Bxd8 Bxf2 24. Kxf2 Kxd8 25. d6 Bc6 26. Rhd1 Kd7 27. a4 b5 28. Ke3 f6 29. a5 Raf8 30. Rf1 h5 31. g5 h4 32. gxf6 gxf6 33. Rg1 Rfg8 34. Ne2 fxe5 35. fxe5 Bd5 36. Nf4 Kc6 37. Ng6 Rxg6 38. Rxg6 Rf8 39. Rag1 Rf3+ 40. Ke2 Rh3 41. Rg7 Rxh2+ 42. Ke3 Rh3+ 43. Kf4 Rf3+ 44. Kg4 Rg3+ 45. Rxg3 c3 46. Rc7# 1-0


[Site "https://www.chess.com"]

[Event "Titled Tuesday Blitz November 29 Early 2022"]
[White "Fernandez Siles, Luis"]
[Black "Kulkarni, Vikramaditya"]
[WhiteFideId "2209420"]
[BlackFideId "5009847"]
[WhiteElo "2186"]
[BlackElo "2273"]
[Result "1-0"]
[Round "08"]
[TimeControl "180+1"]
[Date "2022.11.30"]
[WhiteClock "0:00:12"]
[BlackClock "0:00:01"]

1. e4 e6 2. d4 d5 3. Nd2 Nc6 4. Ngf3 Nf6 5. e5 Nd7 6. Be2 Be7 7. O-O O-O 8. Re1 b6 9. c3 a5 10. Bd3 f5 11. exf6 Nxf6 12. Ne5 Qe8 13. Bb5 Bb7 14. Ndf3 a4 15. Ng5 Ne4 16. Nxe6 Nxf2 17. Qe2 Rf6 18. Nxc7 Qf8 19. Nd7 Bd6 20. Nxf6+ Qxf6 21. Nxa8 Bc8 22. Bxc6 Bxh2+ 23. Kxh2 Qh4+ 24. Kg1 Nh3+ 25. Kf1 Qf6+ 26. Qf3 Ba6+ 27. Re2 Bxe2+ 28. Kxe2 Ng1+ 29. Kf2 Nxf3 30. Bxd5+ Kh8 31. Bxf3 Qh4+ 32. Ke2 Qe7+ 33. Be3 b5 34. Rh1 h6 35. Kd3 a3 36. b3 b4 37. c4 Qe6 38. d5 Qe5 39. Nb6 Qc3+ 40. Ke4 Qc2+ 41. Ke5 Qxa2 42. Bd4 Qxb3 43. d6 Qc2 44. d7 1-0


[Site "https://www.chess.com"]

[Event "Titled Tuesday Blitz November 29 Early 2022"]
[White "Floresvillar Gonzalez, Luis Migu"]
[Black "Troltenier, Dirk"]
[WhiteFideId "5100542"]
[BlackFideId "4606400"]
[WhiteElo "2040"]
[BlackElo "2319"]
[Result "0-1"]
[Round "08"]
[TimeControl "180+1"]
[Date "2022.11.30"]
[WhiteClock "0:00:23"]
[BlackClock "0:00:09"]

1. d4 d5 2. c3 Nf6 3. Bg5 Ne4 4. h4 c5 5. e3 Qb6 6. Qb3 c4 7. Qxb6 axb6 8. Nd2 Bf5 9. Nxe4 Bxe4 10. f3 Bf5 11. e4 dxe4 12. Bxc4 Nc6 13. fxe4 Bxe4 14. Nf3 e6 15. O-O Bd6 16. Rae1 Bg6 17. a3 O-O 18. Ne5 Nxe5 19. dxe5 Bc5+ 20. Be3 Rfc8 21. g4 Bxe3+ 22. Rxe3 Rxc4 23. h5 Rxg4+ 24. Kf2 Bxh5 25. Rh1 Rg5 26. Reh3 g6 27. Re3 Ra5 28. Rhe1 Kg7 29. Re4 Rf5+ 30. Ke3 Raxe5 31. Kd4 Rxe4+ 32. Rxe4 Rd5+ 33. Kc4 Bf3 34. Rh4 h5 35. a4 Bg4 36. Rh2 g5 37. b4 f5 38. b5 f4 39. Rf2 Kf6 40. Kb4 h4 41. c4 Re5 42. a5 bxa5+ 43. Kxa5 h3 44. Kb6 Re4 45. c5 Rb4 46. c6 bxc6 47. Kxc6 Kf5 48. b6 Rxb6+ 49. Kxb6 e5 50. Kc5 e4 51. Kd4 e3 52. Rf1 e2 53. Re1 f3 54. Ke3 h2 55. Kf2 Kf4 56. Rh1 Bf5 57. Rxh2 g4 58. Rh4 Kg5 59. Rh8 Kf4 60. Rh4 e1=Q+ 61. Kxe1 Kg3 62. Rh8 f2+ 63. Ke2 Bd3+ 64. Kxd3 f1=Q+ 65. Ke4 Qf3+ 66. Kd4 Kf2 67. Rh5 g3 68. Re5 g2 69. Ra5 g1=Q 70. Ra2+ Kg3+ 0-1


[Site "https://www.chess.com"]

[Event "Titled Tuesday Blitz November 29 Early 2022"]
[White "Gabdrakhmanov, Azat"]
[Black "Bashirli, Saadat"]
[WhiteFideId "34189197"]
[BlackFideId "13429990"]
[WhiteElo "2254"]
[BlackElo "1408"]
[Result "1-0"]
[Round "08"]
[TimeControl "180+1"]
[Date "2022.11.30"]
[WhiteClock "0:01:11"]
[BlackClock "0:00:34"]

1. e4 c5 2. Nf3 g6 3. d4 cxd4 4. Nxd4 Nc6 5. Nb3 Bg7 6. Be2 Nf6 7. Nc3 O-O 8. O-O d6 9. Re1 Be6 10. Bf1 a5 11. a4 Nb4 12. Nb5 d5 13. c3 Nc6 14. exd5 Nxd5 15. Nc5 Bc8 16. Bc4 Nb6 17. Bb3 Rb8 18. Qf3 Ne5 19. Qg3 Nc6 20. Rd1 Bd7 21. Bf4 e5 22. Bg5 Qc8 23. Nd6 Qc7 24. Rd2 h6 25. Rad1 hxg5 26. Nxf7 Bf5 27. Nxg5+ Rf7 28. Bxf7+ Kf8 29. Nce6+ 1-0


[Site "https://www.chess.com"]

[Event "Titled Tuesday Blitz November 29 Early 2022"]
[White "Gabrielian, Artur"]
[Black "Balabayeva, Xeniya"]
[WhiteFideId "4131002"]
[BlackFideId "13719688"]
[WhiteElo "2432"]
[BlackElo "2041"]
[Result "1-0"]
[Round "08"]
[TimeControl "180+1"]
[Date "2022.11.30"]
[WhiteClock "0:00:06"]
[BlackClock "0:00:01"]

1. d4 d5 2. c4 e6 3. Nc3 Nf6 4. cxd5 exd5 5. Bg5 Be7 6. e3 c6 7. Bd3 Nbd7 8. Qc2 Nh5 9. Bxe7 Qxe7 10. O-O-O Nb6 11. Nf3 Be6 12. Rhe1 O-O-O 13. Kb1 Kb8 14. Ne5 g6 15. h3 Ng7 16. g4 f6 17. Nf3 f5 18. Ne5 fxg4 19. hxg4 Nd7 20. Nxd7+ Qxd7 21. f3 Rhf8 22. Rf1 h5 23. gxh5 gxh5 24. Qh2+ Qc7 25. Qh4 Nf5 26. Bxf5 Bxf5+ 27. Kc1 Qf7 28. Rg1 Ka8 29. Rg5 Bc8 30. Rg3 Bf5 31. Kd2 Bh7 32. Rdg1 Qf5 33. Ke1 Rde8 34. Nd1 Qc2 35. R3g2 Qc1 36. Qf2 Bd3 37. Qd2 Qxd2+ 38. Kxd2 Ba6 39. Rf2 h4 40. Rh1 Rh8 41. Rfh2 Rhf8 42. Rh3 Rf7 43. Nf2 b6 44. f4 Bc8 45. Rxh4 Rfe7 46. Nd1 Bf5 47. R4h2 Rg7 48. Rf2 Kb7 49. Rfh2 Reg8 50. Re1 Rg2+ 51. Rxg2 Rxg2+ 52. Re2 Rg1 53. Nc3 Bg4 54. Rh2 1-0


[Site "https://www.chess.com"]

[Event "Titled Tuesday Blitz November 29 Early 2022"]
[White "Ginzburg, Yakov"]
[Black "Santos Ruiz, Miguel"]
[WhiteFideId "4157176"]
[BlackFideId "22291482"]
[WhiteElo "2305"]
[BlackElo "2503"]
[Result "0-1"]
[Round "08"]
[TimeControl "180+1"]
[Date "2022.11.30"]
[WhiteClock "0:00:14"]
[BlackClock "0:01:45"]

1. d4 d5 2. Nf3 c6 3. c4 Nf6 4. Nc3 e6 5. g3 dxc4 6. Bg2 Nbd7 7. O-O Bb4 8. Qc2 O-O 9. e4 h6 10. e5 Nd5 11. Ne4 b5 12. h4 Be7 13. Bh3 c5 14. Rd1 Bb7 15. dxc5 Nxc5 16. Be3 Nxe3 17. Rxd8 Nxc2 18. Nxc5 Bxc5 0-1


[Site "https://www.chess.com"]

[Event "Titled Tuesday Blitz November 29 Early 2022"]
[White "Gjestemoen-VonHirsch, Andre"]
[Black "Zaksaite, Salomeja"]
[WhiteFideId "1539531"]
[BlackFideId "12801496"]
[WhiteElo "2198"]
[BlackElo "2079"]
[Result "0-1"]
[Round "08"]
[TimeControl "180+1"]
[Date "2022.11.30"]
[WhiteClock "0:00:37"]
[BlackClock "0:00:02"]

1. b3 e5 2. Bb2 Nc6 3. e3 Nf6 4. Bb5 d6 5. c4 Be7 6. Nf3 O-O 7. Bxc6 bxc6 8. d4 exd4 9. Nxd4 Bb7 10. Qf3 Qd7 11. Nd2 d5 12. Nf5 Ne8 13. Qg4 Bc8 14. Nxe7+ Qxe7 15. Qg3 f5 16. O-O Nf6 17. cxd5 cxd5 18. Rac1 Rf7 19. Bxf6 Qxf6 20. Rxc7 Ba6 21. Rxf7 Qxf7 22. Rc1 d4 23. exd4 Rd8 24. Nf3 Qd5 25. Rc7 Rd7 26. Rxd7 Qxd7 27. Qb8+ Bc8 28. Ne5 Qe8 29. Nc6 Qe1# 0-1


[Site "https://www.chess.com"]

[Event "Titled Tuesday Blitz November 29 Early 2022"]
[White "Gorodetzky, David"]
[Black "Ingebretsen, Jens E"]
[WhiteFideId "2813416"]
[BlackFideId "1522965"]
[WhiteElo "2497"]
[BlackElo "2213"]
[Result "1-0"]
[Round "08"]
[TimeControl "180+1"]
[Date "2022.11.30"]
[WhiteClock "0:00:54"]
[BlackClock "0:00:38"]

1. b3 Nf6 2. Bb2 g6 3. Nf3 Bg7 4. g3 O-O 5. Bg2 d6 6. d4 Bg4 7. Nbd2 c6 8. h3 Bxf3 9. exf3 a5 10. a4 e5 11. dxe5 dxe5 12. Nc4 Nd5 13. O-O Nd7 14. Re1 Qc7 15. Ba3 Rfe8 16. Bd6 Qd8 17. Qd2 e4 18. fxe4 Bxa1 19. Rxa1 N5b6 20. Nxa5 Nc8 21. Bb4 Qc7 22. Nc4 b5 23. Ne3 bxa4 24. Ng4 h5 25. Qxd7 Qxd7 26. Nf6+ Kg7 27. Nxd7 Ne7 28. Bc3+ Kh6 29. bxa4 Ra7 30. Bd2+ Kg7 31. Bc3+ Kh6 32. Ne5 Rea8 33. Nxf7+ Kh7 34. Ng5+ Kh6 35. h4 Rxa4 36. Rd1 Rc4 37. Rd7 Re8 38. Bf6 1-0


[Site "https://www.chess.com"]

[Event "Titled Tuesday Blitz November 29 Early 2022"]
[White "Grandelius, Nils"]
[Black "Xiong, Jeffery"]
[WhiteFideId "1710400"]
[BlackFideId "2047640"]
[WhiteElo "2617"]
[BlackElo "2725"]
[Result "0-1"]
[Round "08"]
[TimeControl "180+1"]
[Date "2022.11.30"]
[WhiteClock "0:00:05"]
[BlackClock "0:00:27"]

1. Nf3 b6 2. g3 Bb7 3. Bg2 c5 4. O-O g6 5. d3 Bg7 6. e4 Nc6 7. Re1 e5 8. c3 Nge7 9. a3 O-O 10. b4 d6 11. Nbd2 h6 12. Bb2 f5 13. exf5 Nxf5 14. b5 Na5 15. d4 exd4 16. cxd4 Kh7 17. Rb1 c4 18. Bc3 Rc8 19. Rc1 Bxf3 20. Nxf3 Nb3 21. Rc2 Qd7 22. a4 Rfe8 23. Rxe8 Rxe8 24. h4 Qf7 25. Bf1 d5 26. Bg2 Qe6 27. Bf1 Nd6 28. Re2 Ne4 29. Bb4 Qg4 30. Bg2 Nxd4 31. Nxd4 Bxd4 32. Qxd4 Qxe2 33. Qxd5 Qxf2+ 34. Kh1 Nxg3+ 35. Kh2 Nf1+ 36. Kh1 Ng3+ 37. Kh2 Nh5 38. Qd7+ Ng7 39. Bc3 Qxh4+ 40. Kg1 Re1+ 41. Bxe1 Qxe1+ 42. Bf1 c3 0-1


[Site "https://www.chess.com"]

[Event "Titled Tuesday Blitz November 29 Early 2022"]
[White "Grapsa, Georgia"]
[Black "Koridze, Lile"]
[WhiteFideId "4206436"]
[BlackFideId "13612514"]
[WhiteElo "1877"]
[BlackElo "2050"]
[Result "1/2-1/2"]
[Round "08"]
[TimeControl "180+1"]
[Date "2022.11.30"]
[WhiteClock "0:00:10"]
[BlackClock "0:00:06"]

1. e4 c5 2. b3 d6 3. Bb2 e6 4. Bb5+ Bd7 5. Bxd7+ Qxd7 6. d3 Nf6 7. Nd2 Nc6 8. f4 Be7 9. Ngf3 b5 10. O-O O-O 11. Qe2 Rfd8 12. Kh1 Rac8 13. Rg1 Nd4 14. Qd1 Ng4 15. Bxd4 cxd4 16. Qe2 e5 17. h3 Ne3 18. fxe5 Nxc2 19. Rac1 dxe5 20. Nc4 bxc4 21. Rxc2 cxd3 22. Qxd3 Rxc2 23. Qxc2 Qd6 24. Rd1 h6 25. Qd3 Rc8 26. Rd2 Rc3 27. Qb5 Bf6 28. Qe8+ Qf8 29. Qd7 Qc8 30. Qxa7 Rc1+ 31. Kh2 Qc3 32. Qa8+ Kh7 33. Qa6 Qe3 34. Qe2 Qc3 35. Kg3 Ra1 36. Rc2 d3 37. Rxc3 dxe2 38. Re3 Bg5 39. Rxe2 Bf4+ 40. Kf2 Rc1 41. g3 Bg5 42. Nxg5+ hxg5 43. Kf3 Rc3+ 44. Kg4 Kg6 45. h4 gxh4 46. Kxh4 f6 47. Kg4 Rc8 48. Rd2 Rb8 49. Rb2 Rb4 50. Kf3 f5 51. exf5+ Kxf5 52. a3 Rd4 53. Ke3 Rg4 54. Kf3 Rd4 55. b4 Rd3+ 56. Kf2 Rxa3 57. b5 Ra8 58. b6 Rb8 59. b7 Ke6 60. Ke3 Kd5 61. Kd3 e4+ 62. Ke3 Ke5 63. Rb5+ Kd6 64. Kxe4 Kc6 65. Rb2 Kc7 66. Kf5 Rf8+ 67. Kg6 Kb8 68. Kxg7 Rf3 69. g4 Rg3 70. Kf6 Rxg4 71. Ke6 Rg7 72. Kd6 Rxb7 73. Rxb7+ Kxb7 1/2-1/2


[Site "https://www.chess.com"]

[Event "Titled Tuesday Blitz November 29 Early 2022"]
[White "Hambleton, Aman"]
[Black "Mohamed Anees M"]
[WhiteFideId "2606577"]
[BlackFideId "35065815"]
[WhiteElo "2538"]
[BlackElo "2135"]
[Result "0-1"]
[Round "08"]
[TimeControl "180+1"]
[Date "2022.11.30"]
[WhiteClock "0:00:02"]
[BlackClock "0:00:17"]

1. d4 d5 2. c4 c6 3. Nc3 Nf6 4. e3 e6 5. Nf3 Nbd7 6. Qc2 Bd6 7. e4 dxe4 8. Nxe4 Nxe4 9. Qxe4 Nf6 10. Qh4 Bb4+ 11. Bd2 Bxd2+ 12. Nxd2 O-O 13. O-O-O Qa5 14. Bd3 e5 15. Ne4 Nxe4 16. Qxe4 f5 17. Qxe5 Qxa2 18. Rhe1 Bd7 19. Qd6 Qa1+ 20. Kc2 Qa4+ 21. b3 Qa2+ 22. Kc3 Qa5+ 23. Kb2 Rad8 24. Re7 Bc8 25. Qe5 Qxe5 26. dxe5 Rf7 27. Rxf7 Kxf7 28. f4 Be6 29. Kc3 c5 30. Ra1 a6 31. Ra5 Rc8 32. Be2 Rc7 33. g3 Bc8 34. h4 b6 35. Ra1 a5 36. Bf3 Rd7 37. Bd5+ Ke7 38. h5 Bb7 39. Rd1 b5 40. Rd2 b4+ 41. Kc2 Ba6 42. Rg2 Bc8 43. g4 fxg4 44. Rxg4 Rxd5 45. Rxg7+ Kf8 46. Rxh7 Bf5+ 47. Kc1 Rd1+ 48. Kxd1 Bxh7 49. Kd2 Ke7 50. h6 Ke6 51. Ke3 Bc2 52. Kd2 Bg6 53. Ke3 Kf5 54. Kd2 Kxf4 55. e6 Kg5 56. Ke3 Kxh6 57. Kf4 Kg7 58. Ke5 Kf8 59. Kd6 Bc2 60. Kxc5 Bxb3 61. Kb5 Bxc4+ 62. Kxc4 Ke7 63. Kb3 Kxe6 64. Kb2 Kd5 65. Kb3 Kc5 66. Ka4 Kc4 0-1


[Site "https://www.chess.com"]

[Event "Titled Tuesday Blitz November 29 Early 2022"]
[White "Herman, Daniel"]
[Black "Larina, Maria"]
[WhiteFideId "30935008"]
[BlackFideId "24113182"]
[WhiteElo "1897"]
[BlackElo "1848"]
[Result "1-0"]
[Round "08"]
[TimeControl "180+1"]
[Date "2022.11.30"]
[WhiteClock "0:01:59"]
[BlackClock "0:01:24"]

1. e4 c6 2. d4 d5 3. e5 c5 4. dxc5 Nc6 5. Nf3 Bg4 6. Bb5 e6 7. Be3 a6 8. Bxc6+ bxc6 9. c3 a5 10. Qa4 Qc7 11. Qxg4 h5 12. Qf4 g6 13. Nbd2 Ne7 14. Nd4 Bh6 15. Qf6 O-O 16. Bxh6 1-0


[Site "https://www.chess.com"]

[Event "Titled Tuesday Blitz November 29 Early 2022"]
[White "Hrabinska, Myroslava"]
[Black "Yano, William Jorge Froes"]
[WhiteFideId "14109190"]
[BlackFideId "2112949"]
[WhiteElo "2171"]
[BlackElo "2122"]
[Result "0-1"]
[Round "08"]
[TimeControl "180+1"]
[Date "2022.11.30"]
[WhiteClock "0:00:01"]
[BlackClock "0:00:08"]

1. e4 e6 2. Nf3 d5 3. e5 c5 4. b4 cxb4 5. a3 Nc6 6. axb4 Bxb4 7. c3 Be7 8. d4 Nh6 9. Bd3 Nf5 10. Na3 O-O 11. h4 f6 12. g4 fxe5 13. gxf5 e4 14. Bc2 exf3 15. fxe6 Bxe6 16. Bg5 Bf5 17. Bxf5 Rxf5 18. Qd3 Qf8 19. Nc2 Re8 20. Ne3 Bxg5 21. hxg5 g6 22. Kd2 Rxg5 23. Rh3 Re7 24. Rah1 Na5 25. Qb5 b6 26. Kc2 Rxe3 27. fxe3 Rg2+ 28. Kb1 Nc4 29. Qxd5+ Qf7 30. Qxf7+ Kxf7 31. Rxf3+ Ke6 32. Rfh3 h5 33. R3h2 Rxh2 34. Rxh2 Kf5 35. Rf2+ Kg5 36. Rg2+ Kf5 0-1


[Site "https://www.chess.com"]